 Dungeon Crawl Stone Soup version 0.22-a0-419-g492bfec (webtiles) character file.

15971 dududu the Spear-Bearer (level 12, 97/97 HPs)
             Began as a Barachi Skald on Feb 28, 2018.
             Was an Elder of Zin.
             Got out of the dungeon alive.
             The game lasted 01:22:17 (12757 turns).

dududu the Spear-Bearer (Barachi Skald)            Turns: 12757, Time: 01:22:18

Health: 97/97      AC: 15    Str: 14    XL:     12   Next: 32%
Magic:  28/28      EV: 11    Int: 18    God:    Zin [****..]
Gold:   526        SH:  5    Dex: 11    Spells: 10/17 levels left

rFire    + . .     SeeInvis .   a - +8 lance "Wyrmbane" {slay drac, rPois rF+ rC+ AC+3}
rCold    + . .     Gourm    .   m - +0 buckler
rNeg     . . .     Faith    .   l - +0 ring mail
rPois    +         Spirit   .   t - +2 hat {MR+}
rElec    .         Reflect  .   r - +0 cloak (curse)
rCorr    .         Harm     .   v - +0 pair of gloves
MR       +....                  g - +1 pair of boots
Stlth    +.........             (no amulet)
HPRegen  0.26/turn              n - ring of flight
MPRegen  0.21/turn              J - ring of magical power

@: slow
A: +LOS, swims, slowness 1, strong legs 1
a: Hop, Recite, Vitalisation, Imprison, Donate Gold, Renounce Religion, Evoke
Flight


You escaped.
You worshipped Zin.
Zin was greatly pleased with you.
You were very hungry.

You visited 3 branches of the dungeon, and saw 14 of its levels.

You collected 584 gold pieces.
You donated 58 gold pieces to Zin.

Inventory:

Hand Weapons
 a - the +8 lance "Wyrmbane" (weapon) {slay drac, rPois rF+ rC+ AC+3}
   (You found it on level 8 of the Dungeon)

   It affects your AC (+3).
   It protects you from fire.
   It protects you from cold.
   It protects you from poison.
 b - a +4 hunting sling of flaming
 L - a +3 blowgun
Missiles
 e - 291 stones (quivered)
 o - 61 sling bullets
 u - 39 poisoned needles
 z - 7 tomahawks
 C - 3 silver tomahawks
 M - 8 curare-tipped needles
Armour
 g - a +1 pair of boots (worn)
 l - a +0 ring mail (worn)
 m - a +0 buckler (worn)
 r - a cursed +0 cloak (worn)
 t - a +2 hat of magic resistance (worn)
 v - a +0 pair of gloves (worn)
 D - a +0 shield
Magical Staves
 j - an uncursed staff of wizardry {unknown}
Jewellery
 n - a ring of flight (left hand)
 J - a ring of magical power (right hand)
Wands
 H - a wand of acid (9)
 K - a wand of digging (8)
Scrolls
 d - 2 scrolls of immolation
 f - a scroll of blinking {unknown}
 h - 7 scrolls of remove curse
 x - 5 scrolls of teleportation
 y - a scroll of fog {unknown}
 B - 2 scrolls of fear {unknown}
 F - 4 scrolls of amnesia {unknown}
 I - a scroll of holy word {unknown}
Potions
 i - a potion of flight {unknown}
 k - a potion of cancellation
 p - 4 potions of brilliance
 q - 5 potions of curing {unknown}
 s - 2 potions of haste
 w - 2 potions of magic
 A - 2 potions of heal wounds
 E - 2 potions of agility {unknown}
 G - a potion of invisibility {unknown}
Miscellaneous
 N - a fan of gales
Comestibles
 c - 12 rations


   Skills:
 + Level 9.7 Fighting
 * Level 11.5 Polearms
 - Level 5.0 Armour
 - Level 2.3 Dodging
 + Level 6.0 Shields
 - Level 3.0 Spellcasting
 - Level 4.0 Hexes
 - Level 6.0 Charms
 - Level 2.0 Translocations
 * Level 9.4 Invocations


You had 10 spell levels left.
You knew the following spells:

 Your Spells              Type           Power        Failure   Level  Hunger
a - Infusion              Chrm           ###.         2%          1    None
b - Shroud of Golubria    Chrm/Tloc      ###.......   9%          2    ##.....
c - Spectral Weapon       Hex/Chrm       ###.....     12%         3    ###....
d - Apportation           Tloc           ##....       14%         1    None

Your spell library contained the following spells:

 Spells                   Type           Power        Failure   Level  Hunger
 Cause Fear               Hex            ###.......   52%         4    ####...
 Confuse                  Hex            ###.....     19%         3    ###....
 Summon Small Mammal      Summ           #...         30%         1    None
 Animate Skeleton         Necr           N/A          30%         1    None
 Regeneration             Chrm/Necr      ##........   26%         3    ###....
 Tukima's Dance           Hex            ###.....     19%         3    ###....
 Deflect Missiles         Chrm/Air       ##........   100%        6    #######
 Confusing Touch          Hex            ###...       6%          1    None
 Ensorcelled Hibernation  Hex/Ice        #.....       21%         2    ##.....
 Metabolic Englaciation   Hex/Ice        #.........   98%         5    ######.
 Silence                  Hex/Air        #.........   98%         5    ######.
 Corona                   Hex            ###....      6%          1    None
 Petrify                  Tmut/Erth      #.......     97%         4    ####...
 Dazzling Spray           Conj/Hex       #.....       38%         3    ###....
 Song of Slaying          Chrm           ###.....     4%          2    ##.....
 Discord                  Hex            ###.......   100%        8    #######
 Gell's Gravitas          Tloc           ##........   38%         3    ###....
 Yara's Violent Unravell  Hex/Tmut       #.........   98%         5    ######.


Dungeon Overview and Level Annotations

Branches:
Dungeon (11/15)            Temple (1/1) D:5            Lair (2/6) D:8
    Orc (0/2) D:10
  Swamp: Lair:2-4    Shoals: Lair:2-4     Snake: Lair:2-4    Spider: Lair:2-4

Altars:
Cheibriados
Dithmenos
Elyvilon
Fedhas
Gozag
Makhleb
Nemelex Xobeh
Okawaru
Ru
Sif Muna
Trog
Uskayaw
Vehumet
Yredelemnul
Zin
The Shining One

Shops:
D:6 *

Annotations:
D:4 Autsider's ghost, novice TeSu
D:5 exclusion: downstairs


Innate Abilities, Weirdness & Mutations

Shadows flee at your approach. (+LOS)
You can swim through water.
You cover ground slowly.
You can hop short distances.


Message History

There is a stone staircase leading down here.
There is a stone staircase leading up here.
You climb upwards.
Level annotation: Autsider's ghost, novice TeSu
There is a stone staircase leading down here.
There is a stone staircase leading up here.
You climb upwards.
There is a stone staircase leading down here.
HP restored.
There is a stone staircase leading up here.
You climb upwards.
There is a stone staircase leading down here.
You see here a club.
There is a stone staircase leading up here.
You climb upwards.
There is a stone staircase leading down here.
There is a fountain of clear blue water here.
There is a staircase leading out of the dungeon here.
Are you sure you want to leave the Dungeon?
This will make you lose the game!
You have escaped!

#....#############)## ###.......
......[............# #.......
######..#######...########.......
##...##.....................
#.#...............##.......
#.#..##♣♣♣.♣♣♣##..##.......
#....# ♣⌠♣ #..#........
##...♣♣♣♣♣.♣♣♣♣♣....)...... ##
###......⌠.@.⌠......#.......
>#####.....♣♣♣♣♣.♣♣♣♣♣...##......
.......#...# ♣⌠♣ #...###.....
.########..##♣♣♣.♣♣♣##..## ######
.# #...............# ##
#####..........## ############


There were no monsters in sight!

Vanquished Creatures
  Gastronok (D:10)
  The ghost of torrenera the Thaumaturge, a journeyman GnSk of Okawaru (Lair:1)
  A hydra (Lair:1)
  A death knight (D:11)
  2 two-headed ogres
  Sonja (Lair:1)
  An ice statue (Lair:1)
  A gargoyle (D:11)
  A komodo dragon (Lair:2)
  2 freezing wraiths (D:11)
  A troll (D:9)
  A jumping spider (shapeshifter) (D:8)
  A hornet (D:11)
  2 hippogriffs
  A wyvern (D:10)
  4 yaks (D:9)
  3 wraiths (D:11)
  A basilisk (Lair:2)
  2 hungry ghosts
  3 insubstantial wisps (Lair:2)
  3 water moccasins
  2 ice beasts
  5 orc warriors
  4 sky beasts
  4 phantoms
  3 black bears
  An eye of draining (D:10)
  5 ogres
  4 crocodiles
  A big kobold (D:10)
  8 bullfrogs
  4 gnoll sergeants (D:10)
  3 scorpions
  5 killer bees
  8 wights
  2 howler monkeys
  2 electric eels
  4 crimson imps
  A quasit (D:9)
  5 bullfrog zombies
  A gnoll shaman (D:6)
  4 hounds
  2 jellies
  5 orc priests
  A bullfrog skeleton (D:10)
  2 centaur skeletons
  6 orc wizards
  8 worker ants
  A hound skeleton (D:5)
  2 worker ant zombies
  8 gnolls
  17 adders
  A howler monkey skeleton (D:5)
  3 shadow imps
  2 adder skeletons
  A worm (D:3)
  2 dart slugs
  5 leopard geckos
  27 orcs
  3 ball pythons
  3 giant cockroaches
  12 hobgoblins
  15 jackals
  5 quokkas
  11 bats
  10 frilled lizards
  14 goblins
  13 kobolds
  4 rats
  A spectral orc (D:8)
294 creatures vanquished.

Vanquished Creatures (others)
  Erica (Lair:2)
  A plant (Lair:1)
  4 spectral weapons
6 creatures vanquished.

Grand Total: 300 creatures vanquished

Notes
Turn   | Place    | Note
-------+----------+-------------------------------------------
     0 | D:1      | dududu the Barachi Skald began the quest for the Orb.
     0 | D:1      | Reached XP level 1. HP: 17/17 MP: 3/3
   383 | D:1      | Reached XP level 2. HP: 22/23 MP: 5/5
   389 | D:1      | Learned a level 2 spell: Shroud of Golubria
   868 | D:1      | Reached XP level 3. HP: 20/28 MP: 2/6
   956 | D:1      | Learned a level 3 spell: Spectral Weapon
  1564 | D:2      | Reached XP level 4. HP: 30/35 MP: 7/7
  1704 | D:2      | Reached skill level 3 in Polearms
  1718 | D:2      | Reached skill level 1 in Hexes
  2549 | D:3      | Reached XP level 5. HP: 40/41 MP: 9/9
  2943 | D:3      | Reached skill level 1 in Shields
  3064 | D:3      | Found a sparkling altar of Nemelex Xobeh.
  3152 | D:3      | Reached XP level 6. HP: 47/47 MP: 6/10
  4430 | D:4      | Noticed Autsider's ghost (novice TeSu)
  4672 | D:5      | Entered Level 5 of the Dungeon
  4751 | D:5      | Reached XP level 7. HP: 23/52 MP: 7/11
  4762 | D:5      | Reached skill level 4 in Polearms
  5109 | D:5      | Found a shadowy altar of Dithmenos.
  5109 | D:5      | Found a radiant altar of Vehumet.
  5112 | D:5      | Found an opulent altar of Gozag.
  5129 | D:5      | Got a faintly glowing leather armour
  5138 | D:5      | Reached skill level 5 in Charms
  5367 | D:5      | Reached skill level 5 in Polearms
  5367 | D:5      | Reached XP level 8. HP: 61/61 MP: 12/12
  5405 | D:5      | Found a staircase to the Ecumenical Temple.
  5414 | D:5      | Got a fine hand axe {freeze}
  5423 | Temple   | Entered the Ecumenical Temple
  5449 | Temple   | Became a worshipper of Zin the Law-Giver
  5449 | Temple   | Reached * piety under Zin
  5534 | D:5      | Found a blossoming altar of Fedhas.
  5825 | D:5      | Reached skill level 1 in Invocations
  6050 | D:6      | Reached skill level 6 in Polearms
  6074 | D:6      | Reached skill level 5 in Fighting
  6201 | D:6      | Identified the cursed +1 leather armour of the Falcon {rN+ Str+3 Int-5 Dex+3} (You found it on level 5 of the Dungeon)
  6464 | D:6      | Found a burning altar of Makhleb.
  6528 | D:6      | Reached ** piety under Zin
  6564 | D:6      | Found Biuteamp's Assorted Antiques.
  6577 | D:6      | Reached XP level 9. HP: 68/68 MP: 9/13
  6643 | D:6      | Found a bloodstained altar of Trog.
  6942 | D:7      | Found an iron altar of Okawaru.
  7597 | D:7      | Reached skill level 7 in Polearms
  7675 | D:8      | Found the +8 lance "Wyrmbane" {slay drac, rPois rF+ rC+ AC+3}
  7676 | D:8      | Noticed an orb spider
  7681 | D:8      | Noticed a jumping spider
  7681 | D:8      | an orb spider changed into a jumping spider
  7685 | D:8      | Noticed a black mamba
  7685 | D:8      | a jumping spider changed into a black mamba
  7688 | D:8      | Noticed a jumping spider
  7688 | D:8      | a black mamba changed into a jumping spider
  7693 | D:8      | Killed a jumping spider
  7848 | D:8      | Noticed a two-headed ogre
  7859 | D:8      | Killed a two-headed ogre
  7865 | D:8      | Reached XP level 10. HP: 47/77 MP: 4/14
  7872 | D:8      | Reached skill level 5 in Invocations
  7874 | D:8      | Reached skill level 5 in Armour
  7876 | D:8      | Reached skill level 8 in Polearms
  8035 | D:8      | Found a sacrificial altar of Ru.
  8035 | D:8      | Found a glowing golden altar of the Shining One.
  8036 | D:8      | Found a hide-covered altar of Uskayaw.
  8068 | D:8      | Found a basalt altar of Yredelemnul.
  8251 | D:8      | Found a staircase to the Lair.
  8834 | D:9      | Reached *** piety under Zin
  9149 | D:9      | Reached skill level 9 in Polearms
  9549 | D:10     | Entered Level 10 of the Dungeon
  9615 | D:10     | Noticed Gastronok
  9648 | D:10     | Killed Gastronok
  9648 | D:10     | Reached skill level 10 in Polearms
  9648 | D:10     | Reached XP level 11. HP: 45/86 MP: 8/16
  9932 | D:10     | Found a staircase to the Orcish Mines.
 10359 | D:10     | Noticed a two-headed ogre
 10365 | D:10     | Killed a two-headed ogre
 10672 | D:11     | Noticed a death knight
 10689 | D:11     | Killed a death knight
 10951 | D:11     | Reached skill level 5 in Shields
 11032 | D:11     | Reached **** piety under Zin
 11106 | D:11     | Reached skill level 11 in Polearms
 11247 | Lair:1   | Entered Level 1 of the Lair of Beasts
 11431 | Lair:1   | Noticed a five-headed hydra
 11439 | Lair:1   | Killed a five-headed hydra
 11471 | Lair:1   | Learned a level 1 spell: Apportation
 11725 | Lair:1   | You fall through a shaft!
 11730 | Lair:2   | Reached XP level 12. HP: 95/95 MP: 18/18
 11875 | Lair:1   | Noticed torrenera's ghost (journeyman GnSk)
 11889 | Lair:1   | Noticed Sonja
 11900 | Lair:1   | Killed torrenera's ghost
 11900 | Lair:1   | Reached skill level 1 in Translocations
 11915 | Lair:1   | Killed Sonja
 12524 | Lair:2   | Noticed Erica
 12539 | Lair:2   | Killed Erica
 12555 | Lair:2   | Upgraded the game from 0.22-a0-248-gc8378ba to 0.22-a0-274-gf8199ec
 12573 | Lair:2   | Upgraded the game from 0.22-a0-274-gf8199ec to 0.22-a0-419-g492bfec
 12757 | D:$      | Got out of the dungeon alive.

Vault maps used:
D:1:      scummos_arrival_forest, minmay_tromino_mix6
D:2:      first_ration
D:3:      nemelex_spade_bored_becter
D:5:      marbit_many_paths, grunt_temple_overflow_open,
          minmay_temple_entry_hall
D:6:      old_standard_altar, trog_ov_bears_minmay, serial_shops, shop_fountains
D:7:      okawaru_trees_2
D:8:      gammafunk_temple_overflow_claw, yredelemnul_forgotten_temple_becter,
          dpeg_oklobed_lair
D:9:      cheibrodos_helix_gallery
D:10:     kennysheep_orc_monster_closet_entryway, uniq_gastronok
Temple:   jpeg_temple_clearing
Lair:1:   statuecave_lemuel, uniq_sonja
Lair:2:   minmay_swamp_entry_wisps, lemuel_fruit_fields, grunt_megastairs_5,
          lemuel_fruit_tree, uniq_erica, uniq_harold

Skill      XL: |  1  2  3  4  5  6  7  8  9 10 11 12 |
---------------+-------------------------------------+-----
Fighting       | 3 4 5 6 8 9 |  9.7
Polearms       | 3 5 6 7 10 11 | 11.5
Hexes          | 1 2 3 4 |  4.0
Charms         | 4 5 6 |  6.0
Shields        | 2 3 4 5 6 |  6.0
Spellcasting   | 3 |  3.0
Armour         | 3 4 5 |  5.0
Invocations    | 2 4 7 9 |  9.4
Translocations | 2 |  2.0
Dodging        | |  2.3

Action                   |  1- 3 |  4- 6 |  7- 9 | 10-12 || total
-------------------------+-------+-------+-------+-------++-------
Melee: Spear             |   139 |   129 |    13 |       ||   281
       Trident           |       |       |   162 |       ||   162
       Lance             |       |       |     7 |   388 ||   395
 Fire: Hunting sling     |       |    99 |   130 |    58 ||   287
Throw: Stone             |     5 |     1 |     6 |     3 ||    15
 Cast: Infusion          |    12 |       |       |     1 ||    13
       Shroud of Golubri |     2 |     3 |     9 |    14 ||    28
       Spectral Weapon   |     1 |    15 |    26 |    34 ||    76
Invok: Recite            |       |       |     8 |    26 ||    34
       Vitalisation      |       |       |     1 |     1 ||     2
 Abil: Hop               |       |       |       |     1 ||     1
Evoke: Wand              |       |       |       |     3 ||     3
  Use: Scroll            |     2 |     9 |     4 |     3 ||    18
       Potion            |       |       |     1 |     1 ||     2
 Stab: Distracted        |       |     1 |     4 |     2 ||     7
       Confused          |       |       |       |     6 ||     6
       Invisible         |       |       |       |     1 ||     1
  Eat: Chunk             |     3 |     8 |     7 |    10 ||    28
       Ration            |       |     2 |     3 |     3 ||     8
Armor: Leather armour    |    32 |    31 |    32 |       ||    95
       Ring mail         |       |       |    35 |    65 ||   100
Dodge: Dodged            |    54 |    56 |   104 |    90 ||   304
Block: Buckler           |       |    11 |    32 |    35 ||    78

Table legend:
 A = Spawn XP
 B = Non-spawn XP
 C = Spawn XP percentage of total XP
 D = Spawn monster count
 E = Non-spawn monster count
 F = Spawn count percentage of total count
 G = Total turns spent on level
                    A         B        C        D         E        F      G
               +---------+---------+-------+---------+---------+-------+---------
         Total |       0 |   22816 |   0.0 |       0 |     295 |   0.0 | 12757
               +---------+---------+-------+---------+---------+-------+---------
           D:1 |       0 |      55 |   0.0 |       0 |      34 |   0.0 |  1406
           D:2 |       0 |     104 |   0.0 |       0 |      26 |   0.0 |  1155
           D:3 |       0 |     184 |   0.0 |       0 |      31 |   0.0 |  1165
           D:4 |       0 |     228 |   0.0 |       0 |       7 |   0.0 |  1015
           D:5 |       0 |    1159 |   0.0 |       0 |      38 |   0.0 |  1414
           D:6 |       0 |     990 |   0.0 |       0 |      22 |   0.0 |   713
           D:7 |       0 |     687 |   0.0 |       0 |      10 |   0.0 |   988
           D:8 |       0 |    1971 |   0.0 |       0 |      16 |   0.0 |   954
           D:9 |       0 |    2470 |   0.0 |       0 |      30 |   0.0 |  1183
          D:10 |       0 |    5486 |   0.0 |       0 |      41 |   0.0 |   716
          D:11 |       0 |    3511 |   0.0 |       0 |      21 |   0.0 |   627
        Lair:1 |       0 |    3884 |   0.0 |       0 |      11 |   0.0 |  1234
        Lair:2 |       0 |    2087 |   0.0 |       0 |       8 |   0.0 |   149
               +---------+---------+-------+---------+---------+-------+---------
